[Event "ICC tourney 2248 (120 10)"]
[Site "Internet Chess Club"]
[Date "2020.12.26"]
[Round "2"]
[White "TheChessShark"]
[Black "doudou2011"]
[Result "0-1"]
[ICCResult "White resigns"]
[WhiteElo "1888"]
[BlackElo "1412"]
[Opening "Queen's pawn: stonewall attack"]
[ECO "D00"]
[NIC "QP.08"]
[Time "17:17:56"]
[PlyCount "102"]
[TimeControl "7200+10"]

1. d4 d5 2. e3 Nf6 3. Bd3 e6 4. Nd2 Be7 5. f4 c5 6. c3 Nc6 7. Ngf3 b6 8.
Ne5 Nxe5 9. fxe5 Nd7 10. O-O O-O 11. e4 Bb7 12. exd5 Bxd5 13. Qh5 g6 14.
Qh3 Bh4 15. Ne4 Bxe4 16. Bxe4 Rc8 17. Bh6 Re8 18. Qf3 f5 19. exf6 Bxf6 20.
Bc6 Rxc6 21. Qxc6 cxd4 22. Rad1 Ne5 23. Qa4 Ng4 24. cxd4 b5 25. Qxb5 Bxd4+
26. Kh1 e5 27. Bg5 Qb8 28. Qd5+ Kh8 29. h3 h6 30. hxg4 hxg5 31. Rd3 Re7 32.
Rh3+ Kg7 33. Qf3 e4 34. Qa3 Rb7 35. Qa5 Rb5 36. Qd2 Rd5 37. g3 e3 38. Qh2
Rd8 39. Rh7+ Kg8 40. Rhf7 Qa8+ 41. R1f3 Bg7 42. Qe2 Qe4 43. Kg1 Rd2 44. Qf1
Qe8 45. Rxg7+ Kxg7 46. Qe1 e2 47. Kf2 Qd7 48. Re3 Qd4 49. Kf3 Qf6+ 50. Kg2
Qf1+ 51. Qxf1 e1=Q+ { White resigns } 0-1

[Event "ICC tourney 2248 (120 10)"]
[Site "Internet Chess Club"]
[Date "2020.12.26"]
[Round "2"]
[White "fireheart"]
[Black "MYMChessWyatt"]
[Result "1-0"]
[ICCResult "Black checkmated"]
[WhiteElo "1620"]
[BlackElo "1232"]
[Opening "Sicilian: Canal-Sokolsky attack, 3...Bd7"]
[ECO "B52"]
[NIC "SI.01"]
[Time "17:17:44"]
[PlyCount "99"]
[TimeControl "7200+10"]

1. e4 c5 2. Nf3 d6 3. Bb5+ Bd7 4. Bxd7+ Nxd7 5. O-O e6 6. c4 Ngf6 7. Nc3
Be7 8. d4 cxd4 9. Nxd4 Nc5 10. Qe2 O-O 11. b3 a6 12. Bb2 Qc7 13. Kh1 Rfe8
14. f4 Rad8 15. Qf3 h6 16. Rad1 Ncd7 17. g4 Nh7 18. f5 Ng5 19. Qg3 Nc5 20.
Rfe1 Bf6 21. h4 Be5 22. Qg2 Nh7 23. Nf3 Nf6 24. g5 Nh5 25. Nxe5 dxe5 26.
gxh6 Nd3 27. Rg1 Qe7 28. Qh2 Qc5 29. Rdf1 Qe3 30. Rg5 Nxb2 31. Qg2 Rd2 32.
Rxg7+ Kh8 33. Qg4 Nd3 34. Nd1 Rxd1 35. Qxd1 Ng3+ 36. Kh2 Nxf1+ 37. Qxf1
Qf4+ 38. Qxf4 exf4 39. f6 Rg8 40. Rxf7 Ne5 41. Rg7 Rxg7 42. hxg7+ Kg8 43.
Kh3 b5 44. c5 a5 45. a4 b4 46. h5 Nc6 47. Kg4 e5 48. Kg5 Nd4 49. Kg6 Nf3
50. f7# { Black checkmated } 1-0

[Event "ICC tourney 2248 (120 10)"]
[Site "Internet Chess Club"]
[Date "2020.12.26"]
[Round "2"]
[White "atevifred"]
[Black "trucker"]
[Result "1/2-1/2"]
[ICCResult "Game drawn by mutual agreement"]
[WhiteElo "1846"]
[BlackElo "1610"]
[Opening "English opening"]
[ECO "A05"]
[NIC "QP.11"]
[Time "17:18:18"]
[PlyCount "82"]
[TimeControl "7200+10"]

1. Nf3 Nf6 2. c4 g6 3. b3 Bg7 4. Bb2 O-O 5. g3 b6 6. Bg2 Bb7 7. O-O d6 8.
d3 Nbd7 9. Nc3 e5 10. e3 Re8 11. e4 a5 12. a3 Nc5 13. Qc2 Ne6 14. Ne2 Qd7
15. Bc3 c5 16. a4 Bc6 17. Bd2 Qb7 18. Nc3 Nd4 19. Nxd4 exd4 20. Nd5 Nxd5
21. exd5 Bd7 22. Rae1 Bf5 23. Bf4 Qd7 24. Qd2 f6 25. h4 Bf8 26. f3 h5 27.
Kh2 Rad8 28. Rg1 Rxe1 29. Rxe1 Re8 30. Bf1 Kf7 31. Rxe8 Qxe8 32. Qe2 Qxe2+
33. Bxe2 Be7 34. g4 Bd7 35. gxh5 gxh5 36. Kg3 Bf5 37. Kf2 Bf8 38. Kg3 Ke7
39. Bf1 Bg6 40. Kf2 Bf5 41. Ke2 Kf7 { Game drawn by mutual agreement }
1/2-1/2

[Event "ICC tourney 2248 (120 10)"]
[Site "Internet Chess Club"]
[Date "2020.12.26"]
[Round "2"]
[White "Pugnacious"]
[Black "iamvoltu"]
[Result "0-1"]
[ICCResult "White resigns"]
[WhiteElo "1760"]
[BlackElo "1600"]
[Opening "Queen's pawn"]
[ECO "A40"]
[NIC "QO.17"]
[Time "17:17:48"]
[PlyCount "108"]
[TimeControl "7200+10"]

1. d4 c6 2. e3 d5 3. Bd3 g6 4. Nf3 Nf6 5. c4 Bg7 6. Nc3 O-O 7. h3 e6 8. O-O
Nbd7 9. b3 c5 10. Bb2 b6 11. cxd5 exd5 12. Rc1 Bb7 13. Qe2 Re8 14. Rfd1 a6
15. dxc5 Nxc5 16. b4 Nxd3 17. Qxd3 Ne4 18. Nd4 Rc8 19. Nce2 Qh4 20. Rf1
Rxc1 21. Bxc1 Rc8 22. b5 axb5 23. Qxb5 Qf6 24. Qd7 Ba6 25. Ba3 Nc5 26. Qxd5
Rd8 27. Qf3 Qxf3 28. gxf3 Bxd4 29. exd4 Bxe2 30. Re1 Ra8 31. Bb4 Nd3 32.
Rxe2 Nxb4 33. Rb2 Nd5 34. Rb5 Ra5 35. Rb2 Kf8 36. Kg2 Ke7 37. Kg3 f5 38.
Kh4 h6 39. Kg3 Ra4 40. Rd2 b5 41. h4 Kf6 42. Kh3 Nc3 43. d5 Rxa2 44. Rd3 b4
45. d6 Ra8 46. Kg3 Ne2+ 47. Kh2 Rd8 48. Rd2 Nc3 49. Kg3 Ke6 50. Kf4 Rxd6
51. Rb2 Rd4+ 52. Kg3 Kd5 53. Kh3 Kc4 54. Kg2 Rxh4 { White resigns } 0-1

[Event "ICC tourney 2248 (120 10)"]
[Site "Internet Chess Club"]
[Date "2020.12.26"]
[Round "2"]
[White "wulovechess"]
[Black "mdbgaccp"]
[Result "1-0"]
[ICCResult "Black checkmated"]
[WhiteElo "1612"]
[BlackElo "1804"]
[Opening "Giuoco Piano"]
[ECO "C50"]
[NIC "IG.02"]
[Time "17:18:09"]
[PlyCount "131"]
[TimeControl "7200+10"]

1. e4 e5 2. Nf3 Nc6 3. Bc4 Bc5 4. O-O Nf6 5. d4 Nxd4 6. Nxe5 O-O 7. Be3 b5
8. Bxf7+ Kh8 9. Bxd4 Bxd4 10. Qxd4 c5 11. Qd3 d6 12. Nc6 Qc7 13. Bd5 c4 14.
Qd4 Bb7 15. Nb4 Rab8 16. Bxb7 Qxb7 17. Nc3 Rbe8 18. Rfe1 Qf7 19. Nxb5 Nxe4
20. f3 Qb7 21. Qxc4 Ng5 22. Rxe8 Rxe8 23. Qc6 Qe7 24. Nd3 Qe3+ 25. Kh1 h6
26. Qxd6 Qe2 27. Nxa7 h5 28. h3 Nxf3 29. gxf3 Qxf3+ 30. Kg1 Re2 31. Qd8+
Kh7 32. Qg5 Rxc2 33. Rc1 Rxc1+ 34. Nxc1 Qxh3 35. Kf2 Qh2+ 36. Kf3 h4 37.
Ne2 Qh1+ 38. Qg2 Qd1 39. Nc6 Qd5+ 40. Kf2 Qxa2 41. Qe4+ Kg8 42. Ne7+ Kf7
43. Qd5+ Qxd5 44. Nxd5 g5 45. Kf3 Ke6 46. Nec3 Ke5 47. Kg4 Kd4 48. b4 Kc4
49. b5 Kc5 50. b6 Kc6 51. Ne4 Kb7 52. Nxg5 Kb8 53. Kxh4 Kb7 54. Kh5 Kb8 55.
Kg6 Kb7 56. Kf6 Kb8 57. Ke6 Kb7 58. Kd6 Kb8 59. Kc6 Ka8 60. Nf3 Kb8 61. Ne5
Ka8 62. Nc7+ Kb8 63. Nd7+ Kc8 64. b7+ Kd8 65. b8=Q+ Ke7 66. Qe8# { Black
checkmated } 1-0

[Event "ICC tourney 2248 (120 10)"]
[Site "Internet Chess Club"]
[Date "2020.12.26"]
[Round "2"]
[White "kittycat35"]
[Black "mnm1"]
[Result "1-0"]
[ICCResult "Black resigns"]
[WhiteElo "1724"]
[BlackElo "1460"]
[Opening "Sicilian"]
[ECO "B56"]
[NIC "SI.25"]
[Time "17:17:41"]
[PlyCount "87"]
[TimeControl "7200+10"]

1. e4 c5 2. Nf3 d6 3. d4 cxd4 4. Nxd4 Nf6 5. Nc3 Nc6 6. g3 e5 7. Ndb5 a6 8.
Na3 b5 9. Ne2 Bg4 10. Qd3 Rc8 11. c3 Be7 12. Bg2 O-O 13. h3 Be6 14. g4 h6
15. O-O Qd7 16. Rd1 Rfd8 17. Ng3 d5 18. Qe2 d4 19. Nf5 Kh7 20. Nxe7 Qxe7
21. Qe1 Rd6 22. cxd4 Nxd4 23. Be3 Rcd8 24. f4 Nd7 25. f5 b4 26. fxe6 bxa3
27. Bxd4 exd4 28. exd7 axb2 29. Rab1 Qxd7 30. Rxb2 Qa4 31. Rbd2 Qc4 32. e5
R6d7 33. Qe4+ Kg8 34. Qc6 Qb4 35. e6 fxe6 36. Qxe6+ Kh8 37. Be4 Re7 38. Qf5
g5 39. Qf6+ Kg8 40. Rxd4 Rxd4 41. Rxd4 Qe1+ 42. Kh2 Qe2+ 43. Bg2 Rf7 44.
Rd8+ { Black resigns } 1-0

[Event "ICC tourney 2248 (120 10)"]
[Site "Internet Chess Club"]
[Date "2020.12.26"]
[Round "2"]
[White "chesslin"]
[Black "sanjeevraman"]
[Result "1/2-1/2"]
[ICCResult "Game drawn by repetition"]
[WhiteElo "1804"]
[BlackElo "1651"]
[Opening "Queen's pawn: London system"]
[ECO "A45"]
[NIC "QP.07"]
[Time "17:18:17"]
[PlyCount "117"]
[TimeControl "7200+10"]

1. d4 Nf6 2. Bf4 d5 3. e3 e6 4. Nd2 c5 5. c3 Nc6 6. Ngf3 Bd6 7. Bg3 b6 8.
Bb5 Qc7 9. Ne5 Bd7 10. Nxd7 Nxd7 11. Qa4 Rc8 12. e4 Bxg3 13. hxg3 O-O 14.
e5 f6 15. Qc2 g6 16. Nf3 Rf7 17. O-O-O cxd4 18. Bxc6 Qxc6 19. Nxd4 Qc4 20.
Kb1 Nxe5 21. Nxe6 Re7 22. Rd4 Qc6 23. Nf4 Rd7 24. Rhd1 Rcd8 25. Qb3 Nc4 26.
Re1 Rd6 27. Re7 R8d7 28. Rxd7 Rxd7 29. Qd1 Qb5 30. Qb3 Qc5 31. Qd1 Qb5 32.
b3 Na3+ 33. Ka1 Qc5 34. Qd2 Nb5 35. Rxd5 Rxd5 36. Qxd5+ Qxd5 37. Nxd5 Kf7
38. a4 Nd6 39. f3 Nf5 40. g4 Nh4 41. Ne3 Ke6 42. Kb2 Ke5 43. Kc2 Kf4 44.
Kd3 Kg3 45. b4 Nxg2 46. Nxg2 Kxg2 47. c4 h5 48. gxh5 gxh5 49. c5 bxc5 50.
bxc5 h4 51. c6 h3 52. c7 h2 53. c8=Q h1=Q 54. Qg4+ Kf2 55. Qd4+ Kg3 56.
Qg4+ Kf2 57. Qd4+ Kg3 58. Qg4+ Kf2 59. Qd4+ { Game drawn by repetition }
1/2-1/2

[Event "ICC tourney 2248 (120 10)"]
[Site "Internet Chess Club"]
[Date "2020.12.26"]
[Round "2"]
[White "JensenUVA"]
[Black "gmnichek"]
[Result "1/2-1/2"]
[ICCResult "Game drawn by mutual agreement"]
[WhiteElo "1516"]
[BlackElo "1824"]
[Opening "Queen's pawn game, Darooha variation "]
[ECO "D02"]
[NIC "QP.08"]
[Time "17:18:24"]
[PlyCount "113"]
[TimeControl "7200+10"]

1. d4 d5 2. Nf3 Nf6 3. c4 e6 4. g3 c6 5. Bg2 Nbd7 6. O-O h6 7. Qc2 Bd6 8.
Nbd2 O-O 9. e4 dxe4 10. Nxe4 Nxe4 11. Qxe4 Nf6 12. Qe2 Re8 13. Rd1 Qe7 14.
b3 Nd7 15. Bb2 Ba3 16. Bxa3 Qxa3 17. d5 cxd5 18. cxd5 e5 19. Nd4 a6 20. f4
Kf8 21. fxe5 Nxe5 22. Qf2 Ng4 23. Qf4 Ne3 24. Re1 Qb2 25. Ne6+ Rxe6 26. Be4
Re8 27. Qxe3 Bh3 28. Qf2 Qxf2+ 29. Kxf2 Re5 30. d6 Rb8 31. Rac1 Bf5 32.
Bxf5 Rxf5+ 33. Kg2 Rd5 34. Rc7 Rxd6 35. Ree7 Rf6 36. Rxb7 Rxb7 37. Rxb7 g5
38. g4 Rd6 39. a3 Kg7 40. a4 Kf6 41. b4 Ke6 42. b5 axb5 43. Rxb5 Rd4 44.
Rb6+ Ke5 45. Kg3 Rxa4 46. Rxh6 f6 47. h4 Ra3+ 48. Kg2 gxh4 49. Rxh4 Kf4 50.
g5+ Kxg5 51. Rb4 f5 52. Kf2 f4 53. Rb8 Ra5 54. Rg8+ Kf5 55. Kf3 Ra3+ 56.
Kf2 Ra5 57. Kf3 { Game drawn by mutual agreement } 1/2-1/2

[Event "ICC tourney 2248 (120 10)"]
[Site "Internet Chess Club"]
[Date "2020.12.26"]
[Round "2"]
[White "charismaticl33"]
[Black "saisneha"]
[Result "0-1"]
[ICCResult "White checkmated"]
[WhiteElo "1603"]
[BlackElo "1883"]
[Opening "Evans gambit"]
[ECO "C52"]
[NIC "IG.05"]
[Time "17:18:32"]
[PlyCount "66"]
[TimeControl "7200+10"]

1. e4 e5 2. Nf3 Nc6 3. Bc4 Bc5 4. b4 Bxb4 5. c3 Ba5 6. d4 f6 7. Qb3 Nge7 8.
O-O d6 9. dxe5 Nxe5 10. Nxe5 fxe5 11. Bf7+ Kf8 12. Bh5 Ng6 13. f4 Bb6+ 14.
Kh1 Qf6 15. f5 Ke7 16. g3 Rf8 17. h4 Nxh4 18. g4 g5 19. Nd2 Bd7 20. Nc4 Be8
21. Nxb6 axb6 22. Qc4 Kd8 23. Qd5 Bc6 24. Qd3 Ra5 25. Bd2 Ra4 26. c4 b5 27.
Rac1 bxc4 28. Rxc4 Bb5 29. Rfc1 Bxc4 30. Rxc4 Rxa2 31. Qc3 Qe7 32. Be3 Nf3
33. Bb6 Rh2# { White checkmated } 0-1

[Event "ICC tourney 2248 (120 10)"]
[Site "Internet Chess Club"]
[Date "2020.12.26"]
[Round "2"]
[White "ShanksGames"]
[Black "nboad"]
[Result "0-1"]
[ICCResult "White forfeits on time"]
[WhiteElo "1591"]
[BlackElo "1872"]
[Opening "Sicilian: Alapin's variation (2.c3)"]
[ECO "B22"]
[NIC "SI.46"]
[Time "17:17:46"]
[PlyCount "80"]
[TimeControl "7200+10"]

1. e4 c5 2. c3 Nf6 3. e5 Nd5 4. Nf3 Nc6 5. d4 cxd4 6. cxd4 d6 7. Bc4 Nb6 8.
Bb3 dxe5 9. dxe5 Qxd1+ 10. Bxd1 Nc4 11. Ba4 Bd7 12. Bxc6 Bxc6 13. Nbd2 Nb6
14. O-O O-O-O 15. b3 e6 16. a3 Be7 17. Bb2 Rd3 18. Rac1 Kb8 19. a4 Bxf3 20.
Nxf3 Rxb3 21. Bd4 Nxa4 22. Ra1 Rb4 23. Be3 h6 24. Nd4 a6 25. Rab1 Rxb1 26.
Rxb1 Rc8 27. Kf1 Nc3 28. Rc1 Nd5 29. Rxc8+ Kxc8 30. Bd2 Bb4 31. Bc1 Bc3 32.
Nf3 b5 33. Ke2 Kc7 34. Kd3 Kc6 35. Kc2 Kc5 36. Bb2 Bxb2 37. Kxb2 a5 38. g3
a4 39. Nd2 Kd4 40. f4 Ke3 { White forfeits on time } 0-1

[Event "ICC tourney 2248 (120 10)"]
[Site "Internet Chess Club"]
[Date "2020.12.26"]
[Round "2"]
[White "Draconian"]
[Black "steinutz"]
[Result "1-0"]
[ICCResult "Black resigns"]
[WhiteElo "1570"]
[BlackElo "1756"]
[Opening "Scandinavian (center counter) defense"]
[ECO "B01"]
[NIC "VO.17"]
[Time "17:18:16"]
[PlyCount "105"]
[TimeControl "7200+10"]

1. e4 d5 2. exd5 Qxd5 3. Nf3 c6 4. d4 Nf6 5. c4 Qd6 6. Nc3 Bg4 7. Be2 Nbd7
8. Qb3 Qc7 9. Be3 e6 10. h3 Bh5 11. g4 Bg6 12. Nh4 Be7 13. Nxg6 hxg6 14.
O-O-O Nb6 15. f4 O-O-O 16. Kb1 Kb8 17. Bf3 Ka8 18. d5 exd5 19. cxd5 Nfxd5
20. Bxd5 Nxd5 21. Nxd5 cxd5 22. Rxd5 Rxd5 23. Qxd5 Qc6 24. Qxc6 bxc6 25.
Bd4 Rh7 26. Re1 Bd6 27. Re8+ Kb7 28. Rd8 Bxf4 29. Rd7+ Ka6 30. Rxa7+ Kb5
31. Rxf7 g5 32. b3 c5 33. Rf5 Rxh3 34. Rxc5+ Kb4 35. Kb2 Rh2+ 36. Rc2 Rh3
37. Bc3+ Rxc3 38. Rxc3 Be5 39. a3+ Kb5 40. Kc2 Bxc3 41. Kxc3 Kc5 42. a4 Kd5
43. a5 Ke4 44. a6 Kf4 45. a7 Kxg4 46. a8=Q Kh3 47. Qf3+ Kh4 48. Qg2 g4 49.
b4 g3 50. b5 g5 51. b6 g4 52. b7 Kg5 53. b8=Q { Black resigns } 1-0

[Event "ICC tourney 2248 (120 10)"]
[Site "Internet Chess Club"]
[Date "2020.12.26"]
[Round "2"]
[White "GrandWizard"]
[Black "hi987"]
[Result "1-0"]
[ICCResult "Black checkmated"]
[WhiteElo "1806"]
[BlackElo "1612"]
[Opening "Paleface attack"]
[ECO "A45"]
[NIC "QP.07"]
[Time "17:18:01"]
[PlyCount "71"]
[TimeControl "7200+10"]

1. d4 Nf6 2. f3 d5 3. Bg5 Bf5 4. g4 Bg6 5. h4 h6 6. Bxf6 exf6 7. f4 Be4 8.
Nf3 c5 9. Nc3 cxd4 10. Nxe4 dxe4 11. Nxd4 Bc5 12. e3 O-O 13. c3 Nd7 14. b4
Bb6 15. Nf5 a5 16. Bb5 Nb8 17. g5 Nc6 18. Qg4 Kh8 19. Rd1 Qc8 20. a3 Rg8
21. Bxc6 Qxc6 22. Kf2 Qxc3 23. Rhe1 axb4 24. Qh5 fxg5 25. Rd6 f6 26. Nxh6
g6 27. Nf7+ Kg7 28. Qh6+ Kxf7 29. Qh7+ Rg7 30. Rd7+ Ke6 31. Qxg7 Rxa3 32.
Qe7+ Kf5 33. Rd5+ Kg4 34. Rxg5+ fxg5 35. Qxg5+ Kh3 36. Rh1# { Black
checkmated } 1-0

[Event "ICC tourney 2248 (120 10)"]
[Site "Internet Chess Club"]
[Date "2020.12.26"]
[Round "2"]
[White "castle2king"]
[Black "Minsco"]
[Result "1-0"]
[ICCResult "Black resigns"]
[WhiteElo "1562"]
[BlackElo "1750"]
[Opening "French: Tarrasch, closed variation"]
[ECO "C05"]
[NIC "FR.17"]
[Time "17:17:43"]
[PlyCount "93"]
[TimeControl "7200+10"]

1. e4 e6 2. d4 d5 3. Nd2 Nf6 4. e5 Nfd7 5. Bd3 c5 6. c3 Nc6 7. Ngf3 cxd4 8.
cxd4 f6 9. exf6 Nxf6 10. O-O Bd6 11. b3 O-O 12. Bb2 Bd7 13. a3 Qc7 14. Rc1
Rae8 15. Ne5 Qb8 16. Ndf3 Ne7 17. Re1 a6 18. Nxd7 Nxd7 19. Rxe6 Nf6 20. h3
Ng6 21. Rxe8 Qxe8 22. Bxg6 Qxg6 23. Ne5 Qf5 24. Qc2 Qg5 25. Nf3 Qh5 26. Re1
Ne4 27. Qd3 Qf7 28. Re2 Qf6 29. Qc2 Bf4 30. Bc1 Qg6 31. Bxf4 Rxf4 32. Qc8+
Rf8 33. Qxb7 Rxf3 34. Qxd5+ Qf7 35. Qxf7+ Rxf7 36. Rxe4 Rb7 37. Re3 a5 38.
Rd3 Kf7 39. d5 Ke7 40. Kf1 Kd6 41. Ke2 Rb5 42. Ke3 Rxd5 43. Rxd5+ Kxd5 44.
Kd3 g5 45. g4 h6 46. b4 axb4 47. axb4 { Black resigns } 1-0

[Event "ICC tourney 2248 (120 10)"]
[Site "Internet Chess Club"]
[Date "2020.12.26"]
[Round "2"]
[White "haofangzhu"]
[Black "charles102"]
[Result "0-1"]
[ICCResult "White checkmated"]
[WhiteElo "1454"]
[BlackElo "1800"]
[Opening "Sicilian: Najdorf"]
[ECO "B90"]
[NIC "SI.14"]
[Time "17:18:05"]
[PlyCount "84"]
[TimeControl "7200+10"]

1. e4 c5 2. Nf3 d6 3. d4 cxd4 4. Nxd4 Nf6 5. Nc3 a6 6. f3 b5 7. Be3 Nbd7 8.
g4 Nb6 9. g5 Nfd7 10. f4 Bb7 11. a3 g6 12. Rg1 Nc5 13. Bg2 Nc4 14. Qc1 Bg7
15. b3 Nxe3 16. Qxe3 Rc8 17. e5 dxe5 18. fxe5 Bxg2 19. Rxg2 e6 20. Nf3 Qc7
21. Na2 Nd7 22. Re2 h6 23. Rd1 hxg5 24. Qxg5 Rh5 25. Qd2 Nxe5 26. Nd4 Bh6
27. Qb4 Qb7 28. Rf2 Qh1+ 29. Ke2 Qe4+ 30. Kf1 Be3 31. Qd6 Bxf2 32. Nxe6
Qh1+ 33. Ke2 Rxc2+ 34. Rd2 Qf3+ 35. Kf1 Bc5+ 36. Ke1 Bxd6 37. Ng7+ Kf8 38.
Ne6+ fxe6 39. Rxc2 Nd3+ 40. Kd2 Bf4+ 41. Kc3 Rc5+ 42. Kd4 Qd5# { White
checkmated } 0-1

[Event "ICC tourney 2248 (120 10)"]
[Site "Internet Chess Club"]
[Date "2020.12.26"]
[Round "2"]
[White "Torsten936"]
[Black "asergeev"]
[Result "0-1"]
[ICCResult "White resigns"]
[WhiteElo "1704"]
[BlackElo "1898"]
[Opening "Grünfeld defense"]
[ECO "D80"]
[NIC "GI.03"]
[Time "17:18:13"]
[PlyCount "104"]
[TimeControl "7200+10"]

1. d4 Nf6 2. c4 g6 3. Nc3 d5 4. g3 Bg7 5. Bg2 c6 6. Nf3 O-O 7. O-O Re8 8.
Bf4 Bf5 9. Qb3 Qb6 10. Qxb6 axb6 11. cxd5 Nxd5 12. Nxd5 cxd5 13. Bxb8 Rexb8
14. Rfc1 Rc8 15. a3 Be4 16. e3 e6 17. Kf1 Rc6 18. Ke1 Rac8 19. Kd1 Kf8 20.
Rxc6 bxc6 21. Ke2 c5 22. Rc1 c4 23. b3 b5 24. Bh3 Ke8 25. Ne1 Bf8 26. b4
Ra8 27. Rc3 g5 28. Nf3 Be7 29. Nd2 Bd3+ 30. Kd1 Bf6 31. Nf3 Ke7 32. Bg4 Kd6
33. Ne1 e5 34. Nf3 e4 35. Ne1 Be7 36. Bf5 h5 37. h3 Rg8 38. g4 hxg4 39.
Bxg4 Rh8 40. Nxd3 exd3 41. Kd2 Ra8 42. Kc1 Kc7 43. Bf5 Kd8 44. f3 Ra6 45.
Kd2 Bd6 46. Bg4 Ke7 47. Bc8 Ra7 48. Bf5 Kf6 49. Bg4 Rxa3 50. Rxa3 Bxb4+ 51.
Kd1 Bxa3 52. e4 c3 { White resigns } 0-1

[Event "ICC tourney 2248 (120 10)"]
[Site "Internet Chess Club"]
[Date "2020.12.26"]
[Round "2"]
[White "Supersamraat"]
[Black "ZAPPAWITS"]
[Result "0-1"]
[ICCResult "White checkmated"]
[WhiteElo "1539"]
[BlackElo "1713"]
[Opening "Queen's pawn, Mason variation"]
[ECO "D00"]
[NIC "QP.08"]
[Time "17:17:45"]
[PlyCount "136"]
[TimeControl "7200+10"]

1. d4 d5 2. Bf4 c6 3. c3 Nf6 4. e3 Qb6 5. Qb3 Bf5 6. c4 e6 7. c5 Qa5+ 8.
Nc3 b6 9. Nf3 Nbd7 10. Ne5 Nxe5 11. Bxe5 Be7 12. Qa4 Qxa4 13. Nxa4 b5 14.
Nc3 O-O 15. Be2 Nd7 16. Bf4 f6 17. O-O e5 18. Bg3 Rae8 19. b4 exd4 20. exd4
Bd8 21. a4 a5 22. Bf3 axb4 23. Nxd5 cxd5 24. Bxd5+ Be6 25. Bxe6+ Rxe6 26.
d5 Ra6 27. c6 Ne5 28. Bxe5 fxe5 29. axb5 Rb6 30. d6 Rxb5 31. c7 Bxc7 32.
dxc7 Rc8 33. Rac1 Rb7 34. Rc5 Rcxc7 35. Rxc7 Rxc7 36. Rb1 Rc4 37. Kf1 Kf7
38. Ke2 Ke6 39. Kd3 Kd5 40. Ra1 e4+ 41. Ke3 Rc3+ 42. Kf4 Kd4 43. Ra7 b3 44.
Rxg7 b2 45. Rd7+ Kc4 46. Rc7+ Kb3 47. Rxh7 Kc2 48. Rb7 Rb3 49. Rxb3 Kxb3
50. Kxe4 b1=Q+ 51. Kf4 Qc2 52. Kg3 Qg6+ 53. Kf3 Qf5+ 54. Kg3 Kc3 55. f4 Kd3
56. Kf3 Qh5+ 57. g4 Qxh2 58. f5 Qh3+ 59. Kf4 Qh6+ 60. Ke5 Qg5 61. Kd6 Qf6+
62. Kd5 Ke3 63. Kc4 Kf4 64. Kd3 Kxg4 65. Ke2 Qxf5 66. Ke1 Qc2 67. Kf1 Kg3
68. Kg1 Qd1# { White checkmated } 0-1

[Event "ICC tourney 2248 (120 10)"]
[Site "Internet Chess Club"]
[Date "2020.12.26"]
[Round "2"]
[White "evg1234567"]
[Black "mnm2"]
[Result "1-0"]
[ICCResult "Black checkmated"]
[WhiteElo "1716"]
[BlackElo "1510"]
[Opening "QGD: Neo-orthodox variation, 7.Bh4"]
[ECO "D56"]
[NIC "QO.13"]
[Time "17:17:50"]
[PlyCount "113"]
[TimeControl "7200+10"]

1. d4 Nf6 2. c4 e6 3. Nc3 d5 4. Bg5 Be7 5. Nf3 O-O 6. e3 h6 7. Bh4 Nbd7 8.
Bd3 c5 9. O-O b6 10. cxd5 Nxd5 11. Bxe7 Nxe7 12. Be4 Rb8 13. Qe2 Nf6 14.
Bd3 Bb7 15. Rfd1 Bxf3 16. Qxf3 cxd4 17. exd4 Qc7 18. Rac1 Qb7 19. Ne4 Ned5
20. Bb1 Qe7 21. Qg3 Rfd8 22. Nd2 Rbc8 23. Nf3 Nh5 24. Qe5 Nhf4 25. g3 Nh3+
26. Kg2 Ng5 27. Qe2 Nh7 28. Kf1 Nhf6 29. Ne5 Qb7 30. Kg1 Nh7 31. Be4 Ng5
32. Bg2 Rc7 33. Rc4 Qa6 34. a3 Rdc8 35. Rdc1 f6 36. Rxc7 Qxe2 37. Rxc8+ Kh7
38. Nd7 Ne7 39. R8c7 Nd5 40. Rc8 Ne7 41. Re8 Kg6 42. Rxe7 Qd2 43. Nf8+ Kh5
44. Rf1 Qxd4 45. h4 Qd8 46. Rxa7 Qxf8 47. hxg5 fxg5 48. Rc7 Kg6 49. Rc6 Qf7
50. Rxb6 h5 51. Rb4 Qf6 52. a4 h4 53. a5 hxg3 54. fxg3 Qe7 55. Be4+ Kh6 56.
Kg2 Qxb4 57. Rh1# { Black checkmated } 1-0

[Event "ICC tourney 2248 (120 10)"]
[Site "Internet Chess Club"]
[Date "2020.12.26"]
[Round "2"]
[White "moneymo"]
[Black "FlowingMelody"]
[Result "0-1"]
[ICCResult "White resigns"]
[WhiteElo "1880"]
[BlackElo "1307"]
[Opening "Saragossa opening"]
[ECO "A00"]
[NIC "VO.12"]
[Time "17:17:56"]
[PlyCount "66"]
[TimeControl "7200+10"]

1. c3 Nf6 2. f3 e5 3. Qa4 Nc6 4. Na3 d5 5. d3 Bd6 6. Bg5 O-O 7. Nb5 a6 8.
Nxd6 Qxd6 9. Qh4 Nd7 10. g4 Re8 11. O-O-O b5 12. e4 d4 13. Bd2 dxc3 14.
Bxc3 b4 15. Be1 Nd4 16. Qf2 Nb6 17. Kb1 Be6 18. Ne2 Nb5 19. Nc1 Nd4 20. Bd2
b3 21. a3 Nc2 22. Be3 Na4 23. Rd2 Qc6 24. Ne2 Red8 25. d4 exd4 26. Bxd4 Rd7
27. Bg2 Rad8 28. Rhd1 Qc4 29. Bf1 Qc6 30. Bc3 Rxd2 31. Rxd2 Rxd2 32. Bxd2
Nxa3+ 33. bxa3 Qc2+ { White resigns } 0-1

[Event "ICC tourney 2248 (120 10)"]
[Site "Internet Chess Club"]
[Date "2020.12.26"]
[Round "2"]
[White "abelMZ084"]
[Black "kdbel"]
[Result "0-1"]
[ICCResult "White resigns"]
[WhiteElo "1667"]
[BlackElo "1892"]
[Opening "Colle system"]
[ECO "D05"]
[NIC "QP.06"]
[Time "17:18:09"]
[PlyCount "80"]
[TimeControl "7200+10"]

1. d4 Nf6 2. Nf3 e6 3. e3 d5 4. Bd3 c5 5. c3 b6 6. Nbd2 Be7 7. Ne5 O-O 8.
O-O Qc7 9. f4 Ba6 10. g4 Bxd3 11. Nxd3 g6 12. Qf3 Nc6 13. Ne5 Rac8 14. Rf2
Kg7 15. Nf1 Ne4 16. Rg2 f6 17. Nd3 Bd6 18. Ng3 Nxg3 19. Qxg3 e5 20. dxe5
fxe5 21. f5 c4 22. Nf2 e4 23. Qh4 Ne5 24. Kh1 Nf3 25. Qh3 Ng5 26. Qh4 Nf3
27. Qh3 Qe7 28. b3 g5 29. Rg1 Rf6 30. Qf1 Bxh2 31. Nh3 Rh6 32. Bb2 Bxg1 33.
Rd1 Qe5 34. Qg2 Rcc6 35. Rxg1 Rxh3+ 36. Qxh3 Rh6 37. Qxh6+ Kxh6 38. Rg2 Kg7
39. bxc4 dxc4 40. Ba3 Qd5 { White resigns } 0-1

[Event "ICC tourney 2248 (120 10)"]
[Site "Internet Chess Club"]
[Date "2020.12.26"]
[Round "2"]
[White "Averyyu321"]
[Black "Kugelblitzer"]
[Result "1-0"]
[ICCResult "Black checkmated"]
[WhiteElo "1739"]
[BlackElo "1535"]
[Opening "Sicilian: Nimzovich-Rossolimo attack (with ...g6, without ...d6)"]
[ECO "B31"]
[NIC "SI.31"]
[Time "17:17:43"]
[PlyCount "125"]
[TimeControl "7200+10"]

1. e4 c5 2. Nf3 Nc6 3. Bb5 g6 4. Bxc6 dxc6 5. d3 Bg7 6. Nc3 e5 7. Be3 b6 8.
Qd2 Bg4 9. h3 Bd7 10. O-O Qc7 11. Nh2 Rd8 12. f4 Ne7 13. Nf3 exf4 14. Bxf4
Qc8 15. Bh6 O-O 16. Bxg7 Kxg7 17. Ne2 f5 18. Qc3+ Kg8 19. Nh2 g5 20. Qe5
Ng6 21. Qg3 h6 22. Nf3 fxe4 23. dxe4 Rde8 24. Nd2 Be6 25. a3 Rxf1+ 26. Rxf1
Qd8 27. Qc3 Rf8 28. Rxf8+ Qxf8 29. Nf3 Qd8 30. Kf2 h5 31. Qe3 g4 32. hxg4
hxg4 33. Ng5 Qf6+ 34. Kg1 Bc4 35. Nc3 Qf1+ 36. Kh2 Qf6 37. b3 Ba6 38. Nd1
Nf4 39. g3 Ne2 40. e5 Qf1 41. e6 Kf8 42. Qf2+ Qxf2+ 43. Nxf2 Nd4 44. Nxg4
Nxc2 45. Ne5 Nd4 46. Ng6+ Ke8 47. b4 cxb4 48. axb4 Bc8 49. e7 Nf5 50. Ne4
Nxe7 51. Nd6+ Kd7 52. Nxe7 Ba6 53. Nef5 c5 54. b5 Bc8 55. Nxc8 Kxc8 56. g4
Kb7 57. g5 a5 58. g6 a4 59. g7 a3 60. g8=Q Kc7 61. Qf7+ Kb8 62. Nd6 a2 63.
Qb7# { Black checkmated } 1-0